 Dungeon Crawl Stone Soup version 0.27-a0-512-g57cc695410 (webtiles) character file.

Game seed: 17994738096310756191

67 dickylongcocking the Stinger (level 3, 0/25 HPs)
             Began as a Demonspawn Venom Mage on Mar 3, 2021.
             Was an Initiate of Vehumet.
             Slain by a gnoll
             ... wielding a +0 club
              (9 damage)
             ... on level 2 of the Dungeon.
             The game lasted 00:02:15 (2736 turns).

dickylongcocking the Stinger (DsVM)                 Turns: 2736, Time: 00:02:15

Health: 0/25       AC:  4    Str:  8    XL:     3   Next: 98%
Magic:  3/7        EV:  6    Int: 17    God:    Vehumet [......]
Gold:   70         SH:  0    Dex: 13    Spells: 1/7 levels left

rFire    . . .     SeeInvis .   k - +0 dagger (venom)
rCold    . . .     Faith    .   (no shield)
rNeg     . . .     Spirit   .   a - +0 robe
rPois    .         Reflect  .   (no helmet)
rElec    .         Harm     .   (no cloak)
rCorr    .         Rampage  .   (no gloves)
Will     .....                  (no boots)
Stlth    ++........             (no amulet)
HPRegen  0.08/turn              (no ring)
MPRegen  0.10/turn              (no ring)

@: very slightly contaminated, held
A: icy blue scales 1, powered by pain 1
a: Renounce Religion


You were on level 2 of the Dungeon.
You worshipped Vehumet.
Vehumet was noncommittal.
You visited 1 branch of the dungeon, and saw 2 of its levels.

You collected 70 gold pieces.

Inventory:

Hand Weapons
 c - a +0 spear
 k - a +0 dagger of venom (weapon)
Armour
 a - a +0 robe (worn)
Scrolls
 b - a scroll of blinking {unknown}
 d - 3 scrolls of identify {unknown}
 e - a scroll of enchant armour {unknown}
 h - 3 scrolls of teleportation {unknown}
 n - a scroll of fear {unknown}
 o - a scroll of enchant weapon {unknown}
Potions
 f - 2 potions of heal wounds {unknown}
 g - a potion of mutation {unknown}
 i - a potion of berserk rage {unknown}
 j - a potion of lignification {unknown}
 l - 2 potions of degeneration {unknown}
 m - a potion of ambrosia {unknown}
 p - a potion of curing {unknown}
 q - a potion of might {unknown}


   Skills:
 + Level 0.4 Fighting
 + Level 0.4 Polearms
 + Level 2.2 Dodging
 + Level 1.8 Stealth
 + Level 2.6 Spellcasting
 + Level 1.3 Transmutations
 + Level 0.5 Air Magic
 + Level 3.6 Poison Magic


You had one spell level left.
You knew the following spells:

 Your Spells              Type           Power        Failure   Level
a - Sting                 Tmut/Pois      40%          7%          1
i - Ignite Poison         Fire/Tmut/Pois 7%           28%         3
p - Poisonous Vapours     Pois/Air       18%          12%         2

Your spell library contained the following spells:

 Spells                   Type           Power        Failure   Level
 Mephitic Cloud           Conj/Pois/Air  6%           30%         3
 Olgreb's Toxic Radiance  Pois           14%          38%         4


Dungeon Overview and Level Annotations

Branches:
Dungeon (2/15)

Altars:
Nemelex Xobeh
Vehumet


Innate Abilities, Weirdness & Mutations

You are partially covered in icy blue scales. (AC +2)
You sometimes gain a little power by taking damage.


Message History

There are monsters nearby!
You barely miss the gnoll.
The gnoll is lightly wounded.
The gnoll hits you with a +0 club.
There are monsters nearby!
You hit the gnoll.
The gnoll is lightly wounded.
The gnoll hits you with a +0 club.
You hit the gnoll but do no damage.
The gnoll is poisoned.
The gnoll is lightly wounded.
The gnoll hits you with a +0 club.
Casting: Sting (safe; 7% risk of failure)
Confirm with . or Enter, or press ? or * to list all spells.
You don't know that spell.
Casting: Sting (safe; 7% risk of failure)
Confirm with . or Enter, or press ? or * to list all spells.
Aiming: Poisonous Vapours (safe; 13% risk of failure)
Press: ? - help, Dir - move target, f - gnoll
Aim: a gnoll, wielding a +0 club You miscast Poisonous Vapours.
You are very lightly contaminated with residual magic.
Nothing appears to happen.
A gnoll comes into view.
The gnoll hits you with a +0 club.
Casting: Poisonous Vapours (safe; 13% risk of failure)
Confirm with . or Enter, or press ? or * to list all spells.
Aiming: Poisonous Vapours (safe; 13% risk of failure)
Press: ? - help, Dir - move target, f/p - gnoll
Aim: a gnoll, wielding a +0 club Poisonous vapours surround the gnoll!
The gnoll shouts!
You kill the gnoll!
Vehumet accepts your kill.
The gnoll is engulfed in poison gas.
The gnoll is poisoned.
The gnoll closely misses you.
The gnoll throws a throwing net.
The throwing net hits you.
You become entangled in the net!
You tear a large gash into the net.
The gnoll hits you but does no damage.
You struggle against the net.
The gnoll hits you with a +0 club. The gnoll hits you with a +0 club!
You die...

####............####
##.#####....###
#....###....#
##.......<...
#.#.###....##
#.........)#
#####.###############
#####....................
#.?.g..g@.......########.
#.###..g.#....#.# #.
######....#.# #.
#...†.##.# #.
#.....##.########.
#.................
#.....##.#########
#.....##..........
#.....############


You could see 3 gnolls.

Vanquished Creatures
  A gnoll (D:2)
  A worm (D:2)
  3 dart slugs (D:1)
  3 bats (D:2)
  8 giant cockroaches
  6 goblins
  6 hobgoblins
  A jackal (D:2)
  4 frilled lizards
  6 kobolds
  5 rats
44 creatures vanquished.

Vanquished Creatures (others)
  A giant cockroach (D:2)
  3 jackals (D:2)
4 creatures vanquished.

Grand Total: 48 creatures vanquished

Notes
Turn   | Place    | Note
-------+----------+-------------------------------------------
     0 | D:1      | dickylongcocking the Demonspawn Venom Mage began the quest
                  | for the Orb.
     0 | D:1      | Reached XP level 1. HP: 13/13 MP: 3/3
   430 | D:1      | Gained mutation: You sometimes gain a little power by
                  | taking damage. [demonic ancestry]
   430 | D:1      | Reached XP level 2. HP: 7/19 MP: 1/5
   650 | D:1      | Reached skill level 1 in Transmutations
  1424 | D:1      | Gained mutation: You are partially covered in icy blue
                  | scales. (AC +2) [demonic ancestry]
  1424 | D:1      | Reached XP level 3. HP: 23/24 MP: 3/6
  1432 | D:1      | Learned a level 2 spell: Poisonous Vapours
  1436 | D:1      | Learned a level 3 spell: Ignite Poison
  1790 | D:2      | Found a radiant altar of Vehumet.
  1810 | D:2      | Became a worshipper of Vehumet
  2430 | D:2      | Found a sparkling altar of Nemelex Xobeh.
  2736 | D:2      | Slain by a gnoll

Illustrated notes

Levels and vault maps discovered:
D:1:      minmay_arrival_five_plusses, layout_basic
D:2:      layout_basic, fiery_altar_vehumet, nemelex_xobeh_ov_fountains_minmay,
          uniq_jessica

Skill      XL: |  1  2 |
---------------+-------+-----
Transmutations | 1 |  1.3
Dodging        | 2 |  2.2
Fighting       | |  0.4
Polearms       | |  0.4
Stealth        | |  1.8
Spellcasting   | |  2.6
Air Magic      | |  0.5
Poison Magic   | |  3.6

Action                   || total
-------------------------++-------
Melee: Unarmed           ||     7
       Spear             ||    49
       Dagger            ||    41
 Cast: Sting             ||    34
       Poisonous Vapours ||    13
 Stab: Sleeping          ||     3
Armor: Robe              ||    25
Dodge: Dodged            ||    85

Table legend: (Time is in decaauts)
 A = Elapsed time spent in this place.
 B = Non-inter-level travel time spent in this place.
 C = Inter-level travel time spent in this place.
 D = Time resting spent in this place.
 E = Time spent auto-exploring this place.
 F = Levels seen in this place.
 G = Mean time per level.
                   A        B        C        D        E       F      G
               +--------+--------+--------+--------+--------+-----+--------+
         Total |   2741 |   2681 |     60 |    739 |   1546 |   2 | 1370.5 |
       Dungeon |   2741 |   2681 |     60 |    739 |   1546 |   2 | 1370.5 |
               +--------+--------+--------+--------+--------+-----+--------+

Top non-repeatable levels by time:
     D:1: 1422 daAuts
     D:2: 1318 daAuts
